 Dungeon Crawl Stone Soup version 0.27-a0-1184-ge86db4a01e (webtiles) character file.

Game seed: 2134751730458475810

13 Shayle the Chiller (level 2, -2/19 HPs)
             Began as a Demonspawn Ice Elementalist on May 18, 2021.
             Succumbed to a goblin's poison
             ... on level 1 of the Dungeon.
             The game lasted 00:01:55 (524 turns).

Shayle the Chiller (Demonspawn Ice Elementalist)     Turns: 524, Time: 00:01:55

Health: -2/19      AC:  2    Str:  7 (8)  XL:     2   Next: 24%
Magic:  2/5        EV: 12    Int: 14 (16) God:
Gold:   13         SH:  0    Dex: 11 (13) Spells: 4/5 levels left

rFire    . . .     SeeInvis .   b - staff of air
rCold    . . .     Faith    .   (no shield)
rNeg     . . .     Spirit   .   a - +0 robe
rPois    .         Reflect  .   (no helmet)
rElec    +         Harm     .   (no cloak)
rCorr    .         Rampage  .   (no gloves)
Will     .....                  (no boots)
Stlth    ++........             (no amulet)
HPRegen  0.06/turn              (no ring)
MPRegen  0.09/turn              (no ring)

@: lethally poisoned (-2 -> -21)
A: powered by death 1
a: no special abilities


You were on level 1 of the Dungeon.
You visited 1 branch of the dungeon, and saw 1 of its levels.

You collected 13 gold pieces.

Inventory:

Armour
 a - a +0 robe (worn)
Magical Staves
 b - a staff of air (weapon)


   Skills:
 + Level 2.1 Dodging
 - Level 1.7 Stealth
 + Level 2.2 Spellcasting
 + Level 3.8 Ice Magic


You had 4 spell levels left.
You knew the following spells:

 Your Spells              Type           Power      Damage    Failure   Level
a - Freeze                Ice            48%        1d7       4%          1

Your spell library contained the following spells:

 Spells                   Type           Power      Damage    Failure   Level
 Frozen Ramparts          Ice            24%        1d4       14%         3
 Ozocubu's Armour         Ice            12%        N/A       14%         3
 Hailstorm                Conj/Ice       6%         3d4       71%         4
 Metabolic Englaciation   Hex/Ice        3%         N/A       96%         5


Dungeon Overview and Level Annotations

Branches:
Dungeon (1/15)

Altars:


Innate Abilities, Weirdness & Mutations

You regenerate a little health from kills.


Message History

The bat hits you.
Casting: Freeze (safe; 4% risk of failure)
Confirm with . or Enter, or press ? or * to list all spells.
You can't see any susceptible monsters within range! (Use Z to cast anyway.) Unknown command.
The bat barely misses you.
Casting: Freeze (safe; 4% risk of failure)
Confirm with . or Enter, or press ? or * to list all spells.
Aiming: Freeze (safe; 4% risk of failure)
Press: ? - help, Shift-Dir - straight line, f - goblin
Aim: a goblin, wielding a +1 dagger of venom You freeze the goblin.
The goblin is severely wounded.
The goblin hits you with a +1 dagger of venom.
You are lethally poisoned!
Casting: Freeze (safe; 4% risk of failure)
Confirm with . or Enter, or press ? or * to list all spells.
Aiming: Freeze (safe; 4% risk of failure)
Press: ? - help, Shift-Dir - straight line, f/p - goblin
Aim: a goblin, wielding a +1 dagger of venom (severely wounded)
You freeze the goblin.
The goblin is almost dead.
You feel very sick.
The goblin hits you with a +1 dagger of venom.
You are more poisoned.
It was a potion of degeneration.
There was something very wrong with that liquid.
You feel weakened.
You feel dopey.
You feel clumsy.
* * * LOW HITPOINT WARNING * * *
You feel very sick.
The goblin hits you with a +1 dagger of venom.
* * * LOW HITPOINT WARNING * * *
Casting: Freeze (safe; 4% risk of failure)
Confirm with . or Enter, or press ? or * to list all spells.
Aiming: Freeze (safe; 4% risk of failure)
Press: ? - help, Shift-Dir - straight line, f/p - goblin
Aim: a goblin, wielding a +1 dagger of venom (almost dead)
You freeze the goblin.
You kill the goblin!
You die...

##...#...#.... w....#
#....#..#'#####. # .....
###.....#..#...#. .. ....
#.#........'.>.#. ...
...###.....#.#.#.(.#.
.... ..#.##..#.##..#...#.
.....#.#..#.#...##'#####.
......J##....#......#....
#.b)@#.#........)....
.....#h##...###.#...#....
... #.#..#..#...#'#####.
. #.##.....[.#..#...#. #.
#.......#..#...#. #h
#.....#....'...#. #.
##.#....#..#...#. ##
#.##....#+#####.
###.....#..#....


You could see an endoplasm, a jackal and a bat.

Vanquished Creatures
  A dart slug (D:1)
  2 ball pythons (D:1)
  An endoplasm (D:1)
  2 goblins (D:1)
  2 jackals (D:1)
  A frilled lizard (D:1)
  2 kobolds (D:1)
  A rat (D:1)
12 creatures vanquished.

Notes
Turn   | Place    | Note
-------+----------+-------------------------------------------
     0 | D:1      | Shayle the Demonspawn Ice Elementalist began the quest for
                  | the Orb.
     0 | D:1      | Reached XP level 1. HP: 13/13 MP: 3/3
   234 | D:1      | Gained mutation: You regenerate a little health from kills.
                  | [demonic ancestry]
   234 | D:1      | Reached XP level 2. HP: 12/19 MP: 0/5
   524 | D:1      | Succumbed to a goblin's poison

Illustrated notes

Levels and vault maps discovered:
D:1:      arrival_zaba_pyramid, layout_basic, serial_shops, shop,
          amcnicky_mini_pool_small

Skill      XL: |  1 |
---------------+----+-----
Dodging        | 2 |  2.1
Stealth        | |  1.7
Spellcasting   | |  2.2
Ice Magic      | |  3.8

Action                   || total
-------------------------++-------
Melee: Staff             ||     7
 Cast: Freeze            ||    18
  Use: Potion            ||     1
Armor: Robe              ||     3
Dodge: Dodged            ||    13

Table legend: (Time is in decaauts)
 A = Elapsed time spent in this place.
 B = Non-inter-level travel time spent in this place.
 C = Inter-level travel time spent in this place.
 D = Time resting spent in this place.
 E = Time spent auto-exploring this place.
 F = Levels seen in this place.
 G = Mean time per level.
                   A        B        C        D        E       F      G
               +--------+--------+--------+--------+--------+-----+--------+
         Total |    524 |    524 |      0 |    292 |    116 |   1 |  524.0 |
       Dungeon |    524 |    524 |      0 |    292 |    116 |   1 |  524.0 |
               +--------+--------+--------+--------+--------+-----+--------+

Top non-repeatable levels by time:
     D:1: 524 daAuts
